 Dungeon Crawl Stone Soup version 0.18.1-50-g88ac8fd (webtiles) character file.

2396 HungrySpirit the Cleaver (level 9, -10/71 HPs)
             Began as a Formicid Fighter on Sept 19, 2016.
             Was a Believer of Okawaru.
             Mangled by an ogre
             ... wielding a cursed +0 giant spiked club
              (12 damage)
             ... on level 7 of the Dungeon.
             The game lasted 00:11:42 (6778 turns).

HungrySpirit the Cleaver (Formicid Fighter)         Turns: 6778, Time: 00:11:43

Health: -10/71     AC: 12    Str: 24    XL:     9   Next: 74%
Magic:  9/9        EV:  6    Int:  8    God:    Okawaru [**....]
Gold:   159        SH:  0    Dex: 10    Spells: 0 memorised, 8 levels left

rFire  . . .     SeeInvis +     F - +0 battleaxe (curse)
rCold  . . .     Gourm    .     r - +0 plate armour
rNeg   . . .     Faith    .     (no shield)
rPois  .         Spirit   .     (helmet unavailable)
rElec  .         Dismiss  .     (no cloak)
rCorr  .         Reflect  .     m - +0 pair of gloves (curse)
SustAt .         Harm     .     (no boots)
MR     .....                    (no amulet)
Stlth  ..........               (no ring)
                                (no ring)

@: invisible, not resistant to hostile enchantments, extremely unstealthy
A: permanent stasis, dig shafts and tunnels, four strong arms, antennae 3
a: Dig, Shaft Self, Heroism, Renounce Religion


You were on level 7 of the Dungeon.
You worshipped Okawaru.
Okawaru was pleased with you.
You were not hungry.

You visited 2 branches of the dungeon, and saw 8 of its levels.

You collected 312 gold pieces.
You spent 153 gold pieces at shops.

Inventory:

Hand Weapons
 a - a +0 war axe
 F - a cursed +0 battleaxe (weapon)
Missiles
 s - 5 steel javelins (quivered)
Armour
 b - a +0 scale mail
 c - a +0 shield
 m - a cursed +0 pair of gloves (worn)
 r - a +0 plate armour (worn)
 x - a +0 large shield of positive energy
Jewellery
 t - an uncursed ring of poison resistance {unknown}
Wands
 D - a wand of confusion (12/48)
 H - a wand of confusion (28/48)
Scrolls
 d - a scroll of recharging {unknown}
 e - 2 scrolls of enchant armour {unknown}
 g - 2 scrolls of fear {unknown}
 h - 2 scrolls of amnesia {unknown}
 i - 5 scrolls of identify {unknown}
 k - a scroll of immolation {unknown}
 u - a scroll of teleportation {unknown}
 v - 2 scrolls of remove curse {unknown}
 y - 2 scrolls of fog {unknown}
 z - a scroll of magic mapping {unknown}
 A - a scroll of enchant weapon {unknown}
 B - a scroll of blinking {unknown}
Potions
 l - 5 potions of curing
 n - 2 potions of berserk rage {unknown}
 o - a potion of brilliance {unknown}
 q - 2 potions of lignification {unknown}
 w - a potion of flight {unknown}
Comestibles
 f - 5 bread rations
 j - 4 meat rations
 E - 2 beef jerkies
 G - a fruit


   Skills:
 + Level 6.5 Fighting
 * Level 10.7 Axes
 - Level 3.2 Armour
 - Level 6.0 Shields


You had 8 spell levels left.
You didn't know any spells.

Dungeon Overview and Level Annotations

Branches:
Dungeon (7/15)             Temple (1/1) D:5

Altars:
Ashenzari
Cheibriados
Dithmenos
Elyvilon
Fedhas
Gozag
Kikubaaqudgha
Makhleb
Nemelex Xobeh
Okawaru
Pakellas
Qazlal
Ru
Sif Muna
Trog
Vehumet
Xom
Yredelemnul
Zin
The Shining One

Shops:
D:4 [


Innate Abilities, Weirdness & Mutations

You are under a permanent stasis effect.
You can dig through walls and to a lower floor.
Your four strong arms can wield two-handed weapons with a shield.
You have a pair of large antennae on your head (SInv).


Message History

The ogre hits you with a giant spiked club!
The orc hits you but does no damage.
An adder comes into view.
Your plate armour prevents you from hitting the ogre.
The ogre is moderately wounded.
You hit the orc but do no damage.
The orc is severely wounded.
You closely miss the adder. The adder bites you but does no damage.
The ogre hits you with a giant spiked club!!
* * * LOW HITPOINT WARNING * * *
The orc hits you.
* * * LOW HITPOINT WARNING * * *
Drink which item? (? for menu, Esc to quit)
You can't drink that!
Drink which item? (? for menu, Esc to quit)
It was a potion of invisibility.
You fade into invisibility!
The adder bites you but does no damage. The orc barely misses you.
The ogre hits you with a giant spiked club!
You die...

######### ##<.......
#......... #..........
#.......... #
#####.......... ..#.####
#....?.........
.......#####..............
# #..S@O((............. #
##.##..##o......#.......
#. #............#### ###
###.###.###..##.##.#
........#....#...#.#
##........#..#...#.#
..........#..#...#.#
#...........#._.#.# ..
#.......##..# #.# #.


You could see an ogre, an adder and an orc.

Vanquished Creatures
  Grinder (D:3)
  2 ice beasts (D:7)
  2 sky beasts
  2 orc warriors
  2 ogres
  A centaur (Temple)
  5 giant frogs
  2 scorpions (D:6)
  A wyvern skeleton (D:7)
  4 howler monkeys (D:6)
  A crimson imp (D:6)
  3 hounds
  A jelly (D:5)
  A giant frog skeleton (D:6)
  6 orc priests
  2 iguanas
  2 orc wizards
  A worker ant (D:7)
  A killer bee zombie (D:7)
  5 gnolls
  12 adders
  2 oozes
  2 worms (D:4)
  5 giant geckos
  20 orcs
  6 bats
  3 giant cockroaches
  4 goblins
  5 hobgoblins
  9 jackals
  5 quokkas
  2 ball pythons
  A giant gecko skeleton (D:4)
  3 giant newts
  8 kobolds
  8 rats
140 creatures vanquished.

Notes
Turn   | Place    | Note
--------------------------------------------------------------
     0 | D:1      | HungrySpirit the Formicid Fighter began the quest for the Orb.
     0 | D:1      | Reached XP level 1. HP: 18/18 MP: 1/1
    63 | D:1      | Reached XP level 2. HP: 18/24 MP: 2/2
   181 | D:1      | Reached skill level 3 in Axes
   308 | D:1      | Reached XP level 3. HP: 22/29 MP: 3/3
   885 | D:2      | Reached skill level 4 in Axes
   885 | D:2      | Reached XP level 4. HP: 27/35 MP: 4/4
  1270 | D:3      | Noticed Grinder
  1420 | D:3      | Found a shimmering altar of Xom.
  1600 | D:3      | Killed Grinder
  1600 | D:3      | Reached skill level 6 in Axes
  1600 | D:3      | Reached XP level 5. HP: 18/41 MP: 5/5
  1600 | D:3      | Reached XP level 6. HP: 21/47 MP: 6/6
  1867 | D:3      | Found a shattered altar of Ashenzari.
  2147 | D:3      | Reached XP level 7. HP: 36/52 MP: 7/7
  2248 | D:3      | Reached skill level 7 in Axes
  2649 | D:4      | Found a blossoming altar of Fedhas.
  2983 | D:4      | Found Siofe's Antique Armour Shoppe.
  2994 | D:4      | Bought a runed large shield for 153 gold pieces
  3392 | D:5      | Entered Level 5 of the Dungeon
  3553 | D:5      | Found a snail-covered altar of Cheibriados.
  3681 | D:5      | Found a bloodstained altar of Trog.
  3760 | D:5      | Found a staircase to the Ecumenical Temple.
  3774 | D:5      | Reached skill level 8 in Axes
  3786 | Temple   | Entered the Ecumenical Temple
  3901 | Temple   | Became a worshipper of Warmaster Okawaru
  4061 | Temple   | Reached XP level 8. HP: 43/60 MP: 8/8
  4170 | D:5      | Found an ancient bone altar of Kikubaaqudgha.
  4363 | D:5      | Found a bloodstained altar of Trog.
  4364 | D:5      | Found a white marble altar of Elyvilon.
  4594 | D:6      | Found a shadowy altar of Dithmenos.
  4683 | D:6      | Reached * piety under Okawaru
  4734 | D:6      | Reached skill level 5 in Shields
  4865 | D:6      | Reached skill level 9 in Axes
  4958 | D:6      | Reached skill level 5 in Fighting
  5015 | D:6      | Reached XP level 9. HP: 52/68 MP: 9/9
  5180 | D:6      | Reached ** piety under Okawaru
  5677 | D:6      | Reached skill level 10 in Axes
  6760 | D:7      | Found a radiant altar of Vehumet.
  6777 | D:7      | HP: 2/71 [orc (3)]
  6778 | D:7      | Mangled by an ogre

Skill      XL: |  1  2  3  4  5  6  7  8  9 |
---------------+----------------------------+-----
Axes           | 3 4 6 8 9 10 | 10.7
Shields        | 4 5 6 |  6.0
Fighting       | 5 6 |  6.5
Armour         | |  3.2

Action                   |  1- 3 |  4- 6 |  7- 9 || total
-------------------------+-------+-------+-------++-------
Melee: War axe           |    90 |   100 |   275 ||   465
       Battleaxe         |       |       |   159 ||   159
Throw: Javelin           |       |       |     3 ||     3
Invok: Heroism           |       |       |     4 ||     4
 Abil: Dig               |       |     1 |     5 ||     6
  Use: Potion            |       |     1 |     2 ||     3
  Eat: Chunk             |       |     4 |    15 ||    19
       Royal jelly       |       |       |     1 ||     1
Armor: Scale mail        |    47 |    23 |       ||    70
       Plate armour      |       |    57 |   364 ||   421
Dodge: Dodged            |    61 |    35 |   151 ||   247
